 Dungeon Crawl Stone Soup version 0.31-a0-844-gdc52ec4e09 (webtiles) character file.

Game seed: 7293744666117744776

429 Bravepunisher the Ducker (level 6, -7/32 HPs)
             Began as a Spriggan Monk on Sept 29, 2023.
             Was a Priest of Okawaru.
             Killed by divine providence
             ... invoked by an orc priest
              (15 damage)
             ... on level 4 of the Dungeon.
             The game lasted 00:07:36 (3053 turns).

Bravepunisher the Ducker (Spriggan Monk)            Turns: 3053, Time: 00:07:37

Health: -7/32      AC:  5    Str: 10    XL:     6   Next: 66%
Magic:  10/10      EV: 20    Int: 11    God:    Okawaru [***...]
Gold:   120        SH:  5    Dex: 20    Spells: 5/5 levels left

rFire   . . .        a - +7 dagger of Supply {drain, rCorr Str+3}
rCold   . . .        d - +0 buckler
rNeg    . . .        u - +0 robe
rPois   +            (helmet restricted)
rElec   .            f - +2 cloak
rCorr   +            (gloves unavailable)
SInv    +            (boots unavailable)
Will    +....        (no amulet)
Stlth   ++           t - ring of poison resistance
HPRegen 0.25/turn    (no ring)
MPRegen 0.12/turn

%: no passive effects
@: very quick
A: very small, no large weapons, unfitting armour, see invisible, speed 3
a: Renounce Religion, Heroism


You were on level 4 of the Dungeon.
You worshipped Okawaru.
Okawaru was most pleased with you.
You visited 1 branch of the dungeon, and saw 4 of its levels.

You collected 289 gold pieces.
You spent 169 gold pieces at shops.

Inventory:

Hand Weapons
 a - the +7 dagger of Supply (weapon) {drain, rCorr Str+3}
   (You found it on level 2 of the Dungeon)

   Str+3:     It affects your strength (+3).
   rCorr:     It protects you from acid and corrosion.
 b - the +4 sling of Conscience {heavy, rC++ rCorr Int-5}
   (You bought it in a shop on level 4 of the Dungeon)

   Int-5:     It affects your intelligence (-5).
   rC++:      It greatly protects you from cold.
   rCorr:     It protects you from acid and corrosion.
Armour
 d - a +0 buckler (worn)
 f - a +2 cloak (worn)
 u - a +0 robe (worn)
Jewellery
 t - a ring of poison resistance (left hand)
Wands
 s - a wand of digging (6)
Scrolls
 e - a scroll of fear {unknown}
 g - a scroll of silence {unknown}
 j - 4 scrolls of identify {unknown}
 k - a scroll of noise {unknown}
 n - a scroll of vulnerability {unknown}
Potions
 c - a potion of ambrosia
 h - a potion of haste {unknown}
 i - 3 potions of curing {unknown}
 l - 2 potions of heal wounds {unknown}
 m - a potion of brilliance {unknown}
 o - 2 potions of enlightenment
 p - a potion of resistance {unknown}
 q - a potion of cancellation {unknown}
 r - 2 potions of berserk rage {unknown}


   Skills:
 + Level 3.5 Fighting
 + Level 4.7 Short Blades
 + Level 5.7 Dodging
 + Level 0.0 Shields
 * Level 4.1 Invocations


You had 5 spell levels left.
You didn't know any spells.
Your spell library contained the following spells:

 Spells                   Type           Power      Damage    Failure   Level
 Blink                    Tloc           0%         N/A       63%         2
 Lesser Beckoning         Tloc           0%         N/A       63%         2
 Momentum Strike          Conj/Tloc      0%         3d8       63%         2
 Inner Flame              Hex/Fire       0%         N/A       85%         3
 Yara's Violent Unravell  Hex/Tmut       0%         3d3       100%        5
 Enfeeble                 Hex            0%         N/A       100%        7


Dungeon Overview and Level Annotations

Branches:
Dungeon (4/15)
 Temple: D:4-7

Altars:
Ashenzari
Dithmenos
Okawaru
Trog
Zin

Shops:
D:4 (


Innate Abilities, Weirdness & Mutations

You are very small and have problems with some larger weapons.
You are too small for most types of armour.
You have supernaturally acute eyesight. (SInv)
You cover ground extremely quickly. (Speed+++)


Message History

A dart slug comes into view.
You completely miss the dart slug. The dart slug launches a dart at you.
The slug dart misses you.
You hit the dart slug. You drain the dart slug.
The dart slug is severely wounded.
You hit the dart slug.
You kill the dart slug!
Okawaru accepts your kill.
You now have 120 gold pieces (gained 12).
An orc comes into view.
It is wielding a +0 mace and wearing a +0 leather armour of cold resistance.
Found a club.
The orc priest shouts!
You hear a shout!
You start waiting.
An orc is nearby!
The orc wizard shouts!
The orc shouts!
You hear a shout! x2
You hit the orc. You drain the orc.
The orc is heavily wounded.
The orc hits you with a +0 mace.
You hit the orc.
The orc is almost dead.
An orc priest comes into view. It is wielding a +0 club.
The orc wizard points at you and mumbles some strange words.
The magic dart hits you!
You puncture the orc!
You kill the orc!
Okawaru accepts your kill.
The orc priest miscasts a cantrip.
The orc wizard barely misses you.
You barely miss the orc wizard.
The orc wizard hits you with a +0 dagger.
An endoplasm comes into view.
The orc priest looks braver for a moment.
The orc priest invokes the aid of Beogh against you.
Beogh smites you!
* * * LOW HITPOINT WARNING * * *
The endoplasm quivers.
The orc priest invokes the aid of Beogh against you.
Beogh smites you!
You die...

.)..##..#.##......##..#..........
........#.##...#.##..#####.....##
##..##..#........#..## ##....#
##...#....####.#...## ##...#
##........## #.##.## #####
##......>..###.##.###
##..###.#<..........#
##......##.########.##
#..............@....###########
#..######.########.o##........#
##..### .# #.)..o.......# ......
.# #..##o.......# ##..######..
#..##........# ##.......#.#
#..##..J.....# ..........
....##........# ##..####.#
###.#####o####... #..# #. #.# ###


You could see 2 orc priests and an orc wizard.

Vanquished Creatures
  2 ogres (D:3)
  A scorpion (D:4)
  A hound (D:4)
  A jelly (D:4)
  An orc priest (D:4)
  Terence (D:2)
  2 adders
  4 worms
  4 dart slugs
  3 orcs (D:4)
  8 ball pythons
  2 endoplasms
  5 giant cockroaches
  2 goblins (D:3)
  3 hobgoblins (D:3)
  A quokka (D:1)
  2 frilled lizards (D:2)
  6 kobolds
  4 rats
53 creatures vanquished.

Notes
Turn   | Place    | Note
-------+----------+-------------------------------------------
     0 | D:1      | Bravepunisher the Spriggan Monk began the quest for the
                  | Orb.
     0 | D:1      | Reached XP level 1. HP: 11/11 MP: 2/2
    21 | D:2      | Identified the +7 dagger of Supply {drain, rCorr Str+3}
   169 | D:4      | Found an iron altar of Okawaru.
   177 | D:4      | Became a worshipper of Warmaster Okawaru
   177 | D:4      | Reached * piety under Okawaru
   177 | D:4      | Reached ** piety under Okawaru
   246 | D:2      | Reached skill level 1 in Invocations
   246 | D:2      | Reached XP level 2. HP: 7/16 MP: 3/3
   336 | D:1      | Found a faded altar of an unknown god.
   986 | D:2      | Reached XP level 3. HP: 19/19 MP: 5/5
  1416 | D:2      | Noticed Terence
  1420 | D:2      | Killed Terence
  1530 | D:3      | Reached XP level 4. HP: 23/23 MP: 6/6
  1622 | D:3      | Identified the +2 rapier of Annihilation {elec, SInv
                  | Stlth+}
  1699 | D:3      | Noticed an ogre
  1705 | D:3      | Killed an ogre
  1706 | D:3      | Reached skill level 5 in Dodging
  1706 | D:3      | Reached XP level 5. HP: 28/28 MP: 6/8
  1745 | D:3      | Found a bloodstained altar of Trog.
  2198 | D:3      | Found a shadowy altar of Dithmenos.
  2198 | D:3      | Found a faded altar of an unknown god.
  2206 | D:3      | Found a broken altar of Ashenzari.
  2207 | D:3      | Noticed an ogre
  2208 | D:3      | Found a faded altar of an unknown god.
  2217 | D:3      | Killed an ogre
  2219 | D:3      | Found a glowing silver altar of Zin.
  2443 | D:4      | Found Osmajido's Antique Weapon Emporium.
  2448 | D:4      | Bought a fine sling for 169 gold pieces
  2448 | D:4      | Identified the +4 sling of Conscience {heavy, rC++ rCorr
                  | Int-5} (You bought it in a shop on level 4 of the Dungeon)
  2507 | D:4      | Reached XP level 6. HP: 30/32 MP: 9/9
  2579 | D:4      | Reached *** piety under Okawaru
  3053 | D:4      | Killed from afar by an orc priest

Illustrated notes

Levels and vault maps discovered:
D:1:      amcnicky_arrival_choice, layout_rooms, basic_ecumenical_altar
D:2:      layout_loops_ring, uniq_terence
D:3:      layout_loops_corners, amcnicky_altar_gilded,
          chequers_temple_overflow_minitemple, serial_bayou_crossing
D:4:      layout_basic, mainiacjoe_overflow_paths, serial_shops,
          nicolae_shop_statue_plus, minmay_statues_item,
          minmay_shop_grid_forest, minmay_parallelograms

Skill      XL: |  1  2  3  4  5  6 |
---------------+-------------------+-----
Invocations    | 1 2 3 4 |  4.1
Fighting       | 3 |  3.5
Short Blades   | 4 |  4.7
Dodging        | 5 |  5.7

Action                     |  1- 3 |  4- 6 || total
---------------------------+-------+-------++-------
  Melee: Dagger            |    42 |    78 ||   120
         Short sword       |     1 |       ||     1
         Punch             |       |     1 ||     1
    Use: Scroll            |       |     1 ||     1
         Potion            |       |     1 ||     1
   Stab: Sleeping          |     5 |     3 ||     8
 Armour: Robe              |    15 |    12 ||    27
  Dodge: Dodged            |    46 |    41 ||    87

Table legend: (Time is in decaauts)
 A = Elapsed time spent in this place.
 B = Non-inter-level travel time spent in this place.
 C = Inter-level travel time spent in this place.
 D = Time resting spent in this place.
 E = Time spent auto-exploring this place.
 F = Levels seen in this place.
 G = Mean time per level.
                   A        B        C        D        E       F      G
               +--------+--------+--------+--------+--------+-----+--------+
         Total |   2032 |   1914 |    118 |    186 |   1347 |   4 |  508.0 |
       Dungeon |   2032 |   1914 |    118 |    186 |   1347 |   4 |  508.0 |
               +--------+--------+--------+--------+--------+-----+--------+

Top non-repeatable levels by time:
     D:3: 622 daAuts
     D:4: 572 daAuts
     D:2: 462 daAuts
     D:1: 375 daAuts
